 Dungeon Crawl Stone Soup version 0.29.1-2-gbd0b4ee654 (webtiles) character file.

Game seed: 7384022360958858927

298760 cdecastro the Slayer (level 20, -2/200 HPs)
             Began as a Minotaur Fighter on Nov 11, 2022.
             Was the Champion of Okawaru.
             Killed from afar by a deep elf elementalist (23 damage)
             ... with a fireball
             ... on level 3 of the Elven Halls on Nov 12, 2022.
             The game lasted 02:33:52 (42549 turns).

cdecastro the Slayer (Minotaur Fighter)            Turns: 42549, Time: 02:33:52

Health: -2/200     AC: 29    Str: 28      XL:     20   Next: 13%
Magic:  28/28      EV: 22    Int:  1 (3)  God:    Okawaru [******]
Gold:   1776       SH:  5    Dex: 20      Spells: 19/19 levels left

rFire   . . .      SeeInvis +   a - +9 executioner's axe (flame)
rCold   . . .      Faith    .   (shield currently unavailable)
rNeg    + + +      Spirit   .   F - +1 chain mail "Boblul" {-Cast Regen+ SInv}
rPois   .          Reflect  +   Q - +2 hat {Will+}
rElec   .          Harm     .   e - +0 cloak
rCorr   .          Rampage  .   V - +2 pair of gloves of the Clam {rN+++ Int-4 Dex+6}
Will    +++..      NoCast   +   y - +2 pair of boots {Fly}
Stlth   ..........              v - amulet of Megalomania {Reflect Will+ Dex+4 SH+5 Stlth-}
HPRegen 1.23/turn               c - +4 ring of evasion
MPRegen 0.21/turn               r - +4 ring of protection

@: lethally poisoned (-2 -> -3), flying, hasted and slowed, lost intelligence,
unable to read
A: horns 2, retaliatory headbutt
}: 2/15 runes: serpentine, barnacled
a: Renounce Religion, Heroism, Finesse, Duel


You were on level 3 of the Elven Halls.
You worshipped Okawaru.
Okawaru was exalted by your worship.
You visited 7 branches of the dungeon, and saw 34 of its levels.
You visited the Abyss 1 time.
You also visited: Sewer, Bailey and Ice Cave.

You collected 3229 gold pieces.
You spent 1453 gold pieces at shops.

Inventory:

Hand Weapons
 a - a +9 executioner's axe of flaming (weapon)
 b - the +5 arbalest "Ixten" {venom, +Blink rElec Int+2}
   (You took it off a kobold in a bailey)

   Any ammunition fired from it poisons the flesh of those it strikes.
   Int:       It affects your intelligence (+2).
   rElec:     It insulates you from electricity.
   +Blink:    It lets you blink.
 U - a +0 executioner's axe of holy wrath
 X - a +0 battleaxe of electrocution
Armour
 e - a +0 cloak (worn)
 s - the +2 pair of boots of Rotation {rPois rF- Dex+6}
   (Okawaru gifted it to you on level 1 of the Elven Halls)

   Dex:       It affects your dexterity (+6).
   rF:        It makes you vulnerable to fire.
   rPois:     It protects you from poison.
 y - a +2 pair of boots of flying (worn)
 F - the +1 chain mail "Boblul" (worn) {-Cast Regen+ SInv}
   (Okawaru gifted it to you on level 5 of the Lair of Beasts)

   SInv:      It lets you see invisible.
   -Cast:     It prevents spellcasting.
   Regen:     It increases your rate of health regeneration.
 Q - a +2 hat of willpower (worn)
 V - the +2 pair of gloves of the Clam (worn) {rN+++ Int-4 Dex+6}
   (You found it on level 9 of the Dungeon)

   Int:       It affects your intelligence (-4).
   Dex:       It affects your dexterity (+6).
   rN:        It renders you almost immune to negative energy.
 W - the +6 tower shield "Efigrinats" {rC+}
   (Okawaru gifted it to you on level 2 of the Elven Halls)

   rC:        It protects you from cold.
Jewellery
 c - a +4 ring of evasion (left hand)
 k - a ring of protection from cold
 r - a +4 ring of protection (right hand)
 v - the amulet of Megalomania (around neck) {Reflect Will+ Dex+4 SH+5 Stlth-}
   (You bought it in a shop on level 2 of the Orcish Mines)

   [amulet of reflection]

   It reflects blocked missile attacks.
   Dex:       It affects your dexterity (+4).
   SH:        It affects your SH (+5).
   Will:      It increases your willpower.
   Stlth:     It makes you less stealthy.
 A - an amulet of guardian spirit
 E - a ring of see invisible
 K - the ring of Xaenu {rF+ Str+8}
   (You took it off a naga mage on level 2 of the Snake Pit)

   [ring of protection from fire]

   Str:       It affects your strength (+8).
   rF:        It protects you from fire.
 S - a ring of poison resistance
 T - the ring of Shadows {Umbra +Inv Stlth+}
   (You took it off a naga mage on level 2 of the Snake Pit)

   [ring of stealth]

   It surrounds you with an aura of shadow, increasing your stealth and reducing
   the accuracy of all others within it.
   +Inv:      It lets you turn invisible.
   Stlth:     It makes you more stealthy.
 Z - the amulet "Xej Uxic" {Acrobat Will+ Str+2 SInv Stlth+}
   (You found it on level 3 of the Elven Halls)

   [amulet of the acrobat]

   It increases your evasion while moving and waiting.
   Str:       It affects your strength (+2).
   SInv:      It lets you see invisible.
   Will:      It increases your willpower.
   Stlth:     It makes you more stealthy.
Wands
 i - a wand of mindburst (14)
 p - a wand of iceblast (7)
 C - a wand of flame (84)
 D - a wand of digging (3)
 M - a wand of paralysis (24)
 R - a wand of polymorph (13)
 Y - a wand of quicksilver (13)
Scrolls
 f - 24 scrolls of teleportation
 g - a scroll of fear
 j - 7 scrolls of magic mapping
 l - 7 scrolls of poison
 m - 2 scrolls of silence
 w - a scroll of amnesia
 z - 5 scrolls of vulnerability
 H - 2 scrolls of blinking
 I - a scroll of enchant armour
 N - 6 scrolls of immolation
Potions
 d - 10 potions of might
 n - a potion of haste
 q - 15 potions of curing
 t - a potion of invisibility
 u - 2 potions of berserk rage
 x - 9 potions of attraction
 B - 3 potions of brilliance
 G - 2 potions of ambrosia
 L - 6 potions of cancellation
 O - 5 potions of resistance
 P - 4 potions of magic
Miscellaneous
 o - a condenser vane (inert)
 J - a lightning rod (4/4)


   Skills:
 - Level 22.0 Fighting
 + Level 20.7 Axes
 - Level 15.0 Ranged Weapons
 - Level 15.0 Armour
 - Level 15.0 Dodging
 - Level 3.6 Shields
 - Level 0.3 Unarmed Combat
 - Level 13.0 Invocations
 - Level 10.0 Evocations


You had 19 spell levels left.
You didn't know any spells.
Your spell library contained the following spells:

 Spells                   Type           Power      Damage    Failure   Level
 Apportation              Tloc           0%         N/A       94%         1
 Beastly Appendage        Tmut           0%         N/A       94%         1
 Magic Dart               Conj           0%         1d3       94%         1
 Necrotise                Necr           0%         1d4       94%         1
 Static Discharge         Conj/Air       0%         3-3/arc   98%         2
 Sublimation of Blood     Necr           0%         N/A       98%         2
 Wereblood                Tmut           0%         N/A       98%         2
 Conjure Flame            Conj/Fire      0%         6-21      100%        3
 Frozen Ramparts          Ice            0%         1d1       100%        3
 Ignite Poison            Fire/Tmut/Pois 0%         N/A       100%        3
 Mephitic Cloud           Conj/Pois/Air  0%         N/A       100%        3
 Ozocubu's Armour         Ice            0%         N/A       100%        3
 Spider Form              Tmut/Pois      0%         N/A       100%        3
 Dispel Undead            Necr           0%         3d6       100%        4
 Ice Form                 Ice/Tmut       0%         N/A       100%        4
 Petrify                  Tmut/Erth      0%         N/A       100%        4
 Sticky Flame             Conj/Fire      0%         2d3       100%        4
 Borgnjor's Vile Clutch   Necr/Erth      0%         N/A       100%        5
 Freezing Cloud           Conj/Ice/Air   0%         6-21      100%        5
 Irradiate                Conj/Tmut      0%         3d11      100%        5
 Lightning Bolt           Conj/Air       0%         1d11      100%        5
 Metabolic Englaciation   Hex/Ice        0%         N/A       100%        5
 Dispersal                Tloc           0%         N/A       100%        6
 Statue Form              Tmut/Erth      0%         N/A       100%        6
 Disjunction              Tloc           0%         N/A       100%        8
 Maxwell's Capacitive Co  Air            0%         ∞         100%        8
 Polar Vortex             Ice            0%         N/A       100%        9
 Summon Small Mammal      Summ           Unusable   N/A       N/A         1
 Call Imp                 Summ           Unusable   N/A       N/A         2
 Animate Dead             Necr           Unusable   N/A       N/A         4
 Summon Ice Beast         Ice/Summ       Unusable   N/A       N/A         4
 Death Channel            Necr           Unusable   N/A       N/A         6
 Simulacrum               Ice/Necr       Unusable   N/A       N/A         6

Dungeon Overview and Level Annotations

Branches:
Dungeon (15/15)            Temple (1/1) D:4            Lair (5/5) D:8
 Shoals (4/4) Lair:3        Snake (4/4) Lair:3        Slime (0/5) Lair:5
    Orc (2/2) D:9             Elf (3/3) Orc:2        Vaults (0/5) D:14
 Depths (0/4) D:15          Sewer (visited)          Bailey (visited)
  IceCv (visited)

Altars:
Ashenzari
Cheibriados
Dithmenos
Elyvilon
Fedhas
Gozag
Hepliaklqana
Kikubaaqudgha
Makhleb
Nemelex Xobeh
Okawaru
Qazlal
Ru
Sif Muna
Trog
Uskayaw
Vehumet
Wu Jian
Xom
Yredelemnul
Zin
The Shining One
Jiyva

Shops:
D:8 =   D:9 *   D:10 *   D:12 *   Orc:1 *   Orc:2 [=(*   Elf:1 !   Elf:2 *
Snake:2 *   Snake:3 :=:


Innate Abilities, Weirdness & Mutations

You have a pair of horns on your head.
You reflexively headbutt those who attack you in melee.


Message History

Unknown command.
You feel very sick.
The deep elf annihilator seems less brilliant. x2
Unknown command.
You feel very sick.
The deep elf elementalist is no longer moving quickly.
Unknown command.
The deep elf elementalist attacks as you move away!
The deep elf elementalist hits you but does no damage.
You feel sick.
Unknown command.
You feel much better.
You feel sick.
The earth elemental disappears in a puff of smoke!
The deep elf elementalist mumbles some strange words.
The deep elf elementalist seems to speed up.
Unknown command.
The deep elf elementalist attacks as you move away!
You block the deep elf elementalist's attack.
A deep elf annihilator comes into view. It is wielding a +0 short sword.
You feel sick.
The deep elf annihilator shouts!
The deep elf elementalist points at you and mumbles some strange words.
Some walls begin to move on their own!
A deep elf high priest comes into view. It is wielding a +0 long sword.
You hear a shout! x2
The deep elf elementalist attacks as you move away!
The deep elf elementalist hits you with a +0 long sword.
* * * LOW HITPOINT WARNING * * *
You feel sick.
The earth elemental disappears in a puff of smoke!
The deep elf annihilator gestures wildly while chanting.
The deep elf annihilator blinks!
The deep elf annihilator gestures wildly while chanting.
The deep elf annihilator blinks!
The deep elf elementalist attacks as you move away!
The deep elf elementalist hits you but does no damage.
You feel sick.
The deep elf elementalist points at you and mumbles some strange words.
The fireball explodes!
The fireball engulfs you!!
You die...

######..)..#
#.....).e..#
#.#....))..###
###.#...).e)...#
..#.#......e.#.#
....#...Ee)E.#.###
#######.E)E)E....#
....#...)..EEEe..#
#.#.#.)....E#..#@#
#.#.#.|....§...#.#
..#.#...########.#
###....## #.#
..####.#
#.######## . #.#
#........# ##+##
#..#####.# .
##...## #..# #.#
..##.....##
##..#####.#


You could see 2 deep elf annihilators, a deep elf elementalist (fast, empowered,
repels missiles), 6 earth elementals and a deep elf pyromancer.

Vanquished Creatures
  An ancient lich (Abyss:2)
  Vashnia (Snake:2)
  Mlioglotl (Snake:1)
  2 deep elf blademasters
  2 deep elf master archers (Elf:3)
  Polyphemus (Shoals:2)
  A tentacled starspawn (Abyss:2)
  A kraken (Shoals:3)
  6 nagarajas
  A frost giant (Shoals:4)
  7 deep elf sorcerers
  Louise (Elf:1)
  An orc warlord (Orc:2)
  Aizul (Snake:2)
  4 deep elf elementalists (Elf:3)
  A stone giant (D:15)
  6 deep elf annihilators (Elf:3)
  4 deep elf demonologists
  The ghost of SirLogeyBear the Severer, a journeyman HOBe of Trog (Snake:1)
  Snorg (Lair:4)
  5 deep elf death magi
  A merfolk javelineer (Shoals:4)
  A fire dragon (Lair:5)
  11 merfolk impalers
  Josephine (D:15)
  2 deep elf high priests (Elf:3)
  The ghost of croobank the Spry, a journeyman FeSu of Gozag (Snake:1)
  A vault guard (D:14)
  7 salamander tyrants
  A rakshasa (D:13)
  6 hydras
  4 merfolk avatars
  2 boulder beetles (Lair:5)
  2 satyrs (Shoals:4)
  Erica (Lair:1)
  4 catoblepae
  15 anacondas
  23 dancing weapons
  25 naga warriors
  3 alligator snapping turtles
  9 merfolk aquamancers
  6 centaur warriors
  6 death yaks
  A thrashing horror (Abyss:2)
  2 tengu warriors (D:15)
  2 orc high priests
  Nergalle (Orc:2)
  15 naga sharpshooters
  4 shock serpents
  A sixfirhy (Abyss:2)
  24 deep elf knights
  A fire crab (shapeshifter) (D:14)
  2 wretched stars (Abyss:2)
  5 skeletal warriors (D:13)
  3 salamander mystics
  13 sea snakes
  An orange crystal statue (Elf:3)
  A wizard (D:14)
  11 harpies
  9 naga ritualists
  12 deep elf archers
  A lindwurm (Lair:5)
  10 mana vipers
  A lindwurm (shapeshifter) (Elf:1)
  27 deep elf zephyrmancers
  29 deep elf pyromancers
  4 orc knights (Orc:2)
  7 cyclopes
  9 manticores
  3 orc sorcerers
  15 ugly things
  15 centaur zombies (D:13)
  3 elephants (Lair:5)
  15 guardian serpents
  6 fauns
  36 salamanders
  10 water nymphs
  3 ice statues (IceCv)
  12 merfolk sirens
  A torpor snail (Lair:3)
  25 naga magi
  2 molten gargoyles (Lair:5)
  35 black mambas
  9 cane toads
  A gargoyle (D:13)
  11 komodo dragons
  A kobold demonologist (D:10)
  3 rime drakes
  2 unseen horrors (D:11)
  A redback zombie (D:13)
  A freezing wraith (Abyss:2)
  An anaconda simulacrum (IceCv)
  3 trolls
  4 large abominations
  29 merfolk
  6 wind drakes
  9 dream sheep
  A wolf spider simulacrum (D:13)
  A meliai zombie (D:13)
  21 slime creatures
  A raiju (Abyss:2)
  6 snapping turtles
  29 blink frogs
  2 air elementals (Elf:1)
  A jumping spider (shapeshifter) (Abyss:2)
  13 wyverns
  2 shadows
  8 wraiths
  A vampire (D:10)
  Grum (Lair:1)
  2 fire elementals (Elf:2)
  45 yaks
  4 basilisks
  The ghost of cdecastro the Stinger, an amateur NaVM of Vehumet (D:4)
  A chaos spawn (Abyss:2)
  15 water elementals
  8 vampire mosquitoes
  8 steam dragons
  2 death yak simulacra (IceCv)
  3 wargs (Orc:2)
  A harpy simulacrum (IceCv)
  53 nagas
  An acid dragon (D:9)
  16 water moccasins
  5 hell hounds (Lair:5)
  39 orc warriors
  A black bear (D:7)
  2 sky beasts
  2 ice beasts
  3 ogres
  8 wolves
  2 small abominations (Abyss:2)
  10 centaurs
  A phantom (D:6)
  9 kobold brigands
  5 gnoll sergeants
  10 bullfrogs
  3 necrophages
  5 earth elementals
  A cane toad simulacrum (IceCv)
  3 scorpions
  7 wights
  2 elephant simulacra (IceCv)
  A howler monkey (D:6)
  4 electric eels
  A vampire bat (D:5)
  5 lava snakes (Lair:5)
  A quasit (Abyss:2)
  3 hounds
  A gnoll bouda (D:8)
  27 orc priests
  Crazy Yiuf (D:2)
  5 jellies
  2 iron imps (Abyss:2)
  A boggart zombie (D:13)
  Ijyb (Temple)
  Natasha (thrice) (D:4)
  3 iguanas (D:4)
  31 orc wizards
  Robin (D:2)
  11 adders
  27 gnolls
  6 river rats (Sewer)
  2 shadow imps
  A white imp (Abyss:2)
  An ufetubus (Abyss:2)
  3 worms
  A dart slug (D:3)
  4 fire bats
  83 orcs
  2 spectral bats (D:5)
  13 bats
  3 bat skeletons (D:5)
  A bat zombie (D:5)
  7 endoplasms
  3 giant cockroaches
  9 hobgoblins
  8 jackals
  3 quokkas
  12 ball pythons
  A bat simulacrum (D:5)
  2 frilled lizards
  22 goblins
  45 kobolds
  29 rats
  A bush (D:14)
1395 creatures vanquished.

Vanquished Creatures (others)
  A deep elf demonologist (Elf:3)
  A salamander tyrant (Snake:2)
  A deep elf knight (Elf:1)
  A deep elf pyromancer (Elf:2)
  A deep elf zephyrmancer (Elf:1)
  A naga (Snake:3)
  3 kobolds (D:9)
  A bush (D:14)
  18 fungi
  A lurking horror (Abyss:2)
  91 plants
  4 starspawn tentacles (Abyss:2)
  4 tentacles (Shoals:3)
  7 withered plants
135 creatures vanquished.

Grand Total: 1530 creatures vanquished

Notes
Turn   | Place    | Note
-------+----------+-------------------------------------------
     0 | D:1      | cdecastro the Minotaur Fighter began the quest for the Orb.
     0 | D:1      | Reached XP level 1. HP: 19/19 MP: 0/0
   102 | D:1      | Reached XP level 2. HP: 26/26 MP: 1/1
   280 | D:1      | Found a faded altar of an unknown god.
   697 | D:2      | Noticed Robin
   722 | D:2      | Reached XP level 3. HP: 27/31 MP: 2/2
   804 | D:2      | Killed Robin
   998 | D:2      | Reached skill level 5 in Axes
  1088 | D:2      | Found a runed translucent door.
  1089 | D:2      | Noticed Crazy Yiuf
  1620 | D:3      | Reached XP level 4. HP: 39/39 MP: 3/3
  2659 | D:4      | Reached XP level 5. HP: 33/45 MP: 4/4
  2876 | D:4      | Noticed cdecastro's ghost (amateur NaVM)
  2877 | D:4      | Found a transporter.
  2884 | D:4      | Found a staircase to the Ecumenical Temple.
  2890 | D:4      | Noticed Ijyb
  2894 | Temple   | Entered the Ecumenical Temple
  2916 | Temple   | Became a worshipper of Warmaster Okawaru
  2941 | Temple   | Killed Ijyb
  2976 | D:4      | Noticed Natasha
  2988 | D:4      | Killed Natasha
  3221 | D:4      | Found a transporter.
  3372 | D:4      | Reached XP level 6. HP: 46/51 MP: 5/5
  3415 | D:4      | Identified the +0 leather armour "Jamiocw" {-Tele Int+2
                  | Dex+2}
  3463 | D:4      | Noticed Natasha
  3468 | D:4      | Killed Natasha
  3486 | D:5      | Entered Level 5 of the Dungeon
  3508 | D:5      | Found a broken altar of Ashenzari.
  3581 | D:5      | Found a hide-covered altar of Uskayaw.
  3581 | D:5      | Found a sparkling altar of Nemelex Xobeh.
  3582 | D:5      | Found a bloodstained altar of Trog.
  3583 | D:5      | Found an opulent altar of Gozag.
  3584 | D:5      | Found a basalt altar of Yredelemnul.
  3588 | D:5      | Reached * piety under Okawaru
  3677 | D:5      | Reached XP level 7. HP: 56/57 MP: 6/6
  4213 | D:5      | Reached skill level 10 in Axes
  4560 | D:6      | Noticed a steam dragon
  4792 | D:6      | Killed a steam dragon
  4800 | D:6      | Reached XP level 8. HP: 42/64 MP: 7/7
  4872 | D:6      | Reached ** piety under Okawaru
  4944 | D:6      | Found a glowing drain.
  4952 | Sewer    | Entered a sewer
  6272 | D:6      | Found a white marble altar of Elyvilon.
  6303 | D:6      | Reached skill level 1 in Invocations
  7266 | D:7      | Reached skill level 5 in Invocations
  7266 | D:7      | Reached skill level 4 in Fighting
  7290 | D:7      | Identified the +0 ring mail "Egurphauli" {rC++ Str+4}
  7400 | D:7      | Reached XP level 9. HP: 71/73 MP: 11/11
  7547 | D:7      | Reached skill level 5 in Fighting
  8039 | D:7      | Reached skill level 6 in Fighting
  8171 | D:7      | Reached *** piety under Okawaru
  8300 | D:7      | Reached skill level 7 in Fighting
  8541 | D:8      | Reached skill level 8 in Fighting
  8748 | D:7      | Reached skill level 9 in Fighting
  8978 | D:8      | Noticed a two-headed ogre
  9139 | D:7      | Reached skill level 10 in Fighting
  9289 | D:7      | HP: 2/85 [two-headed ogre/+0 giant club (15)]
  9642 | D:7      | Noticed a guardian serpent
  9642 | D:7      | a two-headed ogre changed into a guardian serpent
  9651 | D:7      | Killed a guardian serpent
  9946 | D:8      | Found a staircase to the Lair.
  9969 | D:8      | Reached XP level 10. HP: 70/93 MP: 12/12
 10103 | D:8      | Reached **** piety under Okawaru
 10882 | D:8      | Found Toubrim's Jewellery Boutique.
 11047 | D:9      | Found a staircase to the Orcish Mines.
 11358 | D:9      | Identified the +2 pair of gloves of the Clam {rN+++ Int-4
                  | Dex+6}
 11511 | D:9      | Found Ypiul's General Store.
 11514 | D:9      | Bought a scroll of enchant armour for 97 gold pieces
 11514 | D:9      | Bought a scroll of vulnerability for 52 gold pieces
 11514 | D:9      | Bought a scroll of teleportation for 39 gold pieces
 11514 | D:9      | Bought a potion of might for 52 gold pieces
 11530 | D:9      | Found a radiant altar of Vehumet.
 11818 | D:9      | Found a glowing golden altar of the Shining One.
 11917 | D:9      | Found a shadowy altar of Dithmenos.
 11922 | D:9      | Reached skill level 15 in Axes
 12074 | D:10     | Entered Level 10 of the Dungeon
 12190 | D:10     | Reached skill level 5 in Armour
 12241 | D:10     | Reached skill level 1 in Dodging
 12252 | D:10     | Found a flagged portal.
 12316 | Bailey   | Entered a bailey
 12412 | Bailey   | Identified the +5 arbalest "Ixten" {venom, +Blink rElec
                  | Int+2}
 12527 | Bailey   | Identified the +11 rapier of Diacrove {elec, rElec rF+ rC+}
 13060 | D:10     | Reached skill level 5 in Dodging
 13088 | D:10     | Reached ***** piety under Okawaru
 13169 | D:10     | Reached XP level 11. HP: 96/99 MP: 14/14
 13184 | D:10     | Found Lykkeach's Fire Supplies.
 13850 | D:11     | Received a gift from Okawaru
 14055 | D:11     | Found a frozen archway.
 14181 | IceCv    | Entered an ice cave
 14263 | IceCv    | Noticed a white ugly thing
 14272 | IceCv    | Killed a white ugly thing
 14855 | IceCv    | Noticed a white ugly thing
 14864 | IceCv    | Killed a white ugly thing
 14864 | IceCv    | Received a gift from Okawaru
 15217 | D:11     | Noticed a white ugly thing
 15223 | D:11     | Killed a white ugly thing
 15224 | D:11     | Reached skill level 10 in Invocations
 15641 | D:12     | Noticed a green ugly thing
 15651 | D:12     | Killed a green ugly thing
 15914 | D:12     | Noticed a deep elf pyromancer
 15923 | D:12     | Killed a deep elf pyromancer
 16006 | D:12     | Noticed an angel
 16008 | D:12     | Found Buog's Hallowed Reliquary.
 16020 | D:12     | Bought a potion of heal wounds for 60 gold pieces
 16092 | D:12     | Noticed a six-headed hydra
 16103 | D:12     | Killed a six-headed hydra
 16104 | D:12     | Reached XP level 12. HP: 51/106 MP: 16/18
 16380 | D:13     | Identified the +2 sling "Nont" {vorpal, Str+6}
 16476 | D:13     | Identified the +1 pair of boots "Mumnef" {rF+ Regen+ rCorr
                  | Int-5} (Okawaru gifted it to you on level 13 of the
                  | Dungeon)
 16476 | D:13     | Received a gift from Okawaru
 16513 | D:13     | Noticed a catoblepas
 16519 | D:13     | Killed a catoblepas
 16589 | D:13     | Noticed a centaur warrior
 16597 | D:13     | Noticed a rakshasa
 16607 | D:13     | Killed a centaur warrior
 16611 | D:13     | Killed a rakshasa
 16688 | D:13     | Reached ****** piety under Okawaru
 16941 | D:13     | Noticed a centaur warrior
 16948 | D:13     | Killed a centaur warrior
 16954 | D:13     | Identified the +5 shortbow of Certain Death {freeze, MP+9
                  | Str+4}
 16986 | D:13     | Noticed a five-headed hydra
 16999 | D:13     | Killed a five-headed hydra
 17059 | D:13     | Reached XP level 13. HP: 113/113 MP: 19/19
 17248 | D:13     | Received a gift from Okawaru
 17803 | D:14     | Found a gate to the Vaults.
 18046 | D:14     | HP: 5/113 [centaur warrior/arrow (21)]
 18047 | D:14     | HP: 1/113 [centaur warrior (6)]
 18455 | D:14     | Reached skill level 11 in Fighting
 18607 | D:15     | Entered Level 15 of the Dungeon
 18618 | D:15     | Reached skill level 12 in Fighting
 18695 | D:15     | Found a hide-covered altar of Uskayaw.
 18815 | D:15     | Identified the +2 scale mail "Kestreti" {*Slow +Blink rC++
                  | Int+10} (Okawaru gifted it to you on level 15 of the
                  | Dungeon)
 18815 | D:15     | Received a gift from Okawaru
 18985 | D:15     | Found a staircase to the Depths.
 18985 | D:15     | Noticed a stone giant
 18994 | D:15     | Killed a stone giant
 18995 | D:15     | Reached skill level 13 in Fighting
 19353 | D:15     | Noticed Josephine
 19356 | Abyss:2  | Cast into level 2 of the Abyss (Josephine)
 19370 | Abyss:2  | Found a corrupted altar of Lugonu.
 19386 | Abyss:2  | Reached XP level 14. HP: 110/129 MP: 17/20
 19560 | Abyss:2  | Noticed a tentacled starspawn
 19573 | Abyss:2  | Killed a tentacled starspawn
 19574 | Abyss:2  | Reached skill level 14 in Fighting
 19574 | Abyss:2  | Noticed an ancient lich
 19575 | Abyss:2  | Lost intelligence.
 19586 | Abyss:2  | Killed an ancient lich
 19661 | Abyss:2  | Reached skill level 15 in Fighting
 19730 | D:15     | Escaped the Abyss
 19734 | D:15     | Killed Josephine
 19902 | D:15     | Identified the +0 ring mail of Space {rPois rF++} (Okawaru
                  | gifted it to you on level 15 of the Dungeon)
 19902 | D:15     | Received a gift from Okawaru
 20089 | Orc:1    | Entered Level 1 of the Orcish Mines
 20212 | Orc:1    | Found Ipehoan Tigh's CLEARANCE SALE!.
 20624 | Orc:2    | Entered Level 2 of the Orcish Mines
 20649 | Orc:2    | Found a staircase to the Elven Halls.
 20955 | Orc:2    | Noticed an orc warlord
 20971 | Orc:2    | Killed an orc warlord
 20979 | Orc:2    | Noticed Nergalle
 20982 | Orc:2    | Reached skill level 10 in Armour
 21181 | Orc:2    | Killed Nergalle
 21454 | Orc:2    | Found Omecly's Antique Weapon Emporium.
 21491 | Orc:2    | Found Zoxt's General Store.
 21529 | Orc:2    | Found Ycwe's Jewellery Emporium.
 21615 | Orc:2    | Found Opsyodos's Antique Armour Emporium.
 21841 | D:2      | Killed Crazy Yiuf
 21914 | D:4      | Noticed Natasha
 21918 | D:4      | Killed Natasha
 21936 | D:4      | Killed cdecastro's ghost
 22015 | Lair:1   | Entered Level 1 of the Lair of Beasts
 22069 | Lair:1   | Noticed Grum
 22079 | Lair:1   | Killed Grum
 22211 | Lair:1   | Noticed Erica
 22216 | Lair:1   | Killed Erica
 22377 | Lair:1   | Received a gift from Okawaru
 23169 | Lair:2   | Reached XP level 15. HP: 119/141 MP: 23/23
 23481 | Lair:2   | Reached skill level 10 in Dodging
 23483 | Lair:2   | Reached skill level 1 in Ranged Weapons
 24302 | Lair:3   | Reached skill level 5 in Ranged Weapons
 24309 | Lair:3   | Found a staircase to the Snake Pit.
 24513 | Lair:3   | Found a staircase to the Shoals.
 24845 | Lair:4   | Noticed Snorg
 24858 | Lair:4   | Killed Snorg
 25450 | Lair:5   | Entered Level 5 of the Lair of Beasts
 25587 | Lair:5   | Received a gift from Okawaru
 25744 | Lair:5   | Identified the +1 chain mail "Boblul" {-Cast Regen+ SInv}
                  | (Okawaru gifted it to you on level 5 of the Lair of Beasts)
 25744 | Lair:5   | Received a gift from Okawaru
 25977 | Lair:5   | Reached skill level 10 in Ranged Weapons
 26023 | Lair:5   | Found a large runed translucent door.
 26023 | Lair:5   | Found a large runed translucent door.
 26272 | Lair:5   | Found a runed translucent door.
 26273 | Lair:5   | Found a viscous altar of Jiyva.
 26273 | Lair:5   | Found a staircase to the Slime Pits.
 27062 | Snake:1  | Entered Level 1 of the Snake Pit
 27129 | Snake:1  | Reached skill level 16 in Fighting
 27232 | Snake:1  | Identified a scroll of acquirement
 27299 | Snake:1  | Reached XP level 16. HP: 46/152 MP: 24/24
 27553 | Orc:2    | Bought the amulet of Megalomania {Reflect Will+ Dex+4 SH+5
                  | Stlth-} for 744 gold pieces
 27919 | Snake:1  | Found a runed translucent gate.
 27920 | Snake:1  | Found a runed translucent gate.
 27921 | Snake:1  | Found a runed translucent gate.
 27982 | Snake:1  | Reached skill level 17 in Fighting
 28086 | Snake:1  | Noticed croobank's ghost (journeyman FeSu)
 28086 | Snake:1  | Noticed SirLogeyBear's ghost (journeyman HOBe)
 28212 | Snake:2  | Noticed Aizul
 28227 | Snake:2  | Killed Aizul
 28227 | Snake:2  | Identified the +0 scale mail "Doiqiq" {-Tele rF+++ rC-
                  | Int+5} (Okawaru gifted it to you on level 2 of the Snake
                  | Pit)
 28227 | Snake:2  | Received a gift from Okawaru
 28686 | Snake:2  | Reached skill level 18 in Fighting
 28707 | Snake:2  | Noticed Vashnia
 28769 | Snake:2  | Killed Vashnia
 28922 | Snake:2  | Noticed Mlioglotl
 28955 | Snake:1  | Killed Mlioglotl
 29076 | Snake:2  | Found Wuno's Assorted Antiques.
 29084 | Snake:2  | Bought a scroll of magic mapping for 157 gold pieces
 29084 | Snake:2  | Bought a scroll of magic mapping for 157 gold pieces
 29161 | Snake:2  | Reached skill level 19 in Fighting
 29365 | Snake:2  | Received a gift from Okawaru
 29431 | Snake:2  | Identified the ring of Xaenu {rF+ Str+8}
 29455 | Snake:2  | Reached skill level 20 in Fighting
 29531 | Snake:2  | Identified the +0 ring mail of Ilewuet {rC- Str+2 Int+3}
 29697 | Snake:2  | HP: 2/162 [shock serpent/bolt of electricity (21)]
 29888 | Snake:3  | Received a gift from Okawaru
 29959 | Snake:3  | Found Osius's Book Shop.
 29961 | Snake:3  | Found Jupa's Jewellery Shoppe.
 29962 | Snake:3  | Found Liufur's Book Shop.
 30369 | Snake:3  | Reached XP level 17. HP: 153/170 MP: 25/25
 31225 | Shoals:1 | Entered Level 1 of the Shoals
 31268 | Lair:3   | Received a gift from Okawaru
 31590 | Shoals:1 | Reached skill level 15 in Armour
 32976 | Shoals:2 | Noticed Polyphemus
 32992 | Shoals:2 | Killed Polyphemus
 32992 | Shoals:2 | Identified the +1 ring mail of Filth {MP+9} (Okawaru gifted
                  | it to you on level 2 of the Shoals)
 32992 | Shoals:2 | Received a gift from Okawaru
 33321 | Shoals:2 | You are sucked into a shaft and drop 1 floor!
 33660 | Shoals:3 | Identified the +7 broad axe of Wenug {freeze, +Blink Int-2
                  | Dex+4}
 33898 | Shoals:3 | Noticed a kraken
 33904 | Shoals:3 | Killed a kraken
 34218 | Shoals:4 | Entered Level 4 of the Shoals
 34702 | Shoals:4 | Got a barnacled rune of Zot
 34862 | Shoals:4 | Reached XP level 18. HP: 141/178 MP: 26/26
 35101 | Shoals:4 | Identified the +1 robe "Fumaggiju" {+Blink Fly Will- MP+9
                  | Str+4} (Okawaru gifted it to you on level 4 of the Shoals)
 35101 | Shoals:4 | Received a gift from Okawaru
 35105 | Shoals:4 | Reached skill level 15 in Ranged Weapons
 36537 | Snake:1  | Killed SirLogeyBear's ghost
 36538 | Snake:1  | Killed croobank's ghost
 36617 | Snake:4  | Entered Level 4 of the Snake Pit
 37288 | Snake:4  | Identified the +9 quarterstaff of Compassion {freeze,
                  | Contam rN+ Int+4}
 37503 | Snake:4  | Identified the +7 hand axe of Extremism {flame, rF+}
                  | (Okawaru gifted it to you on level 4 of the Snake Pit)
 37503 | Snake:4  | Received a gift from Okawaru
 38028 | Snake:4  | Identified the +6 long sword "Kuapyfisu" {vorpal, rPois
                  | Int+4}
 38087 | Snake:4  | Reached skill level 15 in Dodging
 38134 | Snake:4  | Reached skill level 1 in Evocations
 38429 | Snake:4  | Got a serpentine rune of Zot
 39055 | Elf:1    | Entered Level 1 of the Elven Halls
 39070 | Elf:1    | Received a gift from Okawaru
 39339 | Elf:1    | Found Wuqul's Distillery.
 39346 | Elf:1    | Bought a potion of heal wounds for 95 gold pieces
 39372 | Elf:1    | Reached skill level 5 in Evocations
 39385 | Elf:1    | Reached XP level 19. HP: 115/185 MP: 27/27
 39471 | Elf:1    | Noticed Louise
 39495 | Elf:1    | Killed Louise
 39801 | Elf:1    | You are sucked into a shaft and drop 1 floor!
 39811 | Elf:2    | Found Seqon's General Store.
 39813 | Elf:2    | Paralysed by an air elemental for 1 turns
 39816 | Elf:1    | Paralysed by an air elemental for 1 turns
 40244 | Elf:1    | Identified the +2 pair of boots of Rotation {rPois rF-
                  | Dex+6} (Okawaru gifted it to you on level 1 of the Elven
                  | Halls)
 40244 | Elf:1    | Received a gift from Okawaru
 40812 | Elf:2    | Found a runed translucent gate.
 40814 | Elf:2    | Found a runed translucent gate.
 40818 | Elf:2    | Found a runed translucent gate.
 41153 | Elf:2    | Reached skill level 10 in Evocations
 42015 | Elf:3    | Entered Level 3 of the Elven Halls
 42141 | Elf:2    | Identified the +6 tower shield "Efigrinats" {rC+} (Okawaru
                  | gifted it to you on level 2 of the Elven Halls)
 42141 | Elf:2    | Received a gift from Okawaru
 42154 | Elf:3    | Reached skill level 21 in Fighting
 42266 | Elf:3    | Identified the amulet "Xej Uxic" {Acrobat Will+ Str+2 SInv
                  | Stlth+}
 42484 | Elf:3    | Reached skill level 22 in Fighting
 42495 | Elf:3    | Reached XP level 20. HP: 193/200 MP: 25/28
 42507 | Elf:3    | Lost intelligence.
 42544 | Elf:3    | HP: 8/200 [poisoned by a deep elf annihilator (poison
                  | arrow)]
 42549 | Elf:3    | Killed from afar by a deep elf elementalist

Illustrated notes

Levels and vault maps discovered:
D:1:      moated_graveyard_arrival, layout_basic,
          dreamdust_ecumenical_altar_angels_and_demons
D:2:      layout_basic, uniq_robin, uniq_crazy_yiuf_cottage
D:3:      layout_loops_ring, corexii_hall_statues_l
D:4:      layout_gridville, minmay_temple_entry_mist, gammafunk_ghost_arena,
          uniq_natasha, uniq_ijyb
D:5:      layout_loops_ring, grunt_temple_overflow_open, goddamned_bats
D:6:      layout_basic, elyvilon_altar_4, cheibrodos_sewer_entry_sluice
D:7:      layout_loops_cross, kennysheep_cross_room
D:8:      layout_loops_ring, minmay_lair_entry_grove, serial_shops,
          nicolae_lakefront_shop, hex_large
D:9:      layout_rooms, tso_altar, mainiacjoe_overflow_brackets,
          grunt_dithmenos_shadows, serial_shops, kennysheep_mini_moat
D:10:     kennysheep_steamy, layout_irregular_city, enter_bailey_2,
          minmay_holes, nicolae_shop_fire_sale [nicolae_sub_dead_trees]
D:11:     layout_basic, portal_ice_cave_entry_pillars_2
D:12:     layout_rooms, nicolae_good_shop
D:13:     layout_loops_corners, serial_undead, serial_undead_d, serial_undead_c,
          serial_undead_d, serial_undead_e, serial_undead_a, serial_undead_a,
          serial_undead_e
D:14:     layout_small_grid, david_vaults_5, minmay_hedge_maze,
          roderic_roman_lattice
D:15:     grunt_enter_depths_snipers, layout_loops_cross,
          chequers_hall_statues_corner_a, dancing_weapons_uskayaw,
          uniq_josephine
Temple:   nicolae_temple_no_exploring_needed
Lair:1:   layout_cellular_growth, minivault_23, lemuel_fruit_tree, uniq_grum,
          uniq_erica
Lair:2:   layout_concentric_octagons
Lair:3:   layout_regular_city, elwin_shoals_entry_stream,
          minmay_snake_entry_guardpost_small, chequers_serial_rivers_micro_a,
          serial_bayou_shore_a, infiniplex_staircase_pool
Lair:4:   layout_roguey, grunt_megastairs_4, uniq_snorg
Lair:5:   cheibrodos_lair_end_hotspot, layout_loops_ring, slime_entry_2,
          serial_bayou_shore_b
Shoals:1: layout_shoals
Shoals:2: layout_shoals, serial_shops, nicolae_lakefront_shop, uniq_polyphemus,
          uniq_frances
Shoals:3: layout_shoals
Shoals:4: shoals_end_grunt_ice, layout_shoals
Snake:1:  layout_onion, gammafunk_ghost_cemetery, drop_trap
Snake:2:  layout_onion, serial_shops, nicolae_shop_crystal, special_room,
          nicolae_snake_storage_room, uniq_vashnia, uniq_aizul, uniq_mlioglotl
Snake:3:  layout_cave_town, grunt_megastairs_2, minmay_shop_grove
Snake:4:  johnstein_snake_rune_scales, layout_misc_corridors
Orc:1:    layout_diamond_mine, nicolae_shop_clearance
Orc:2:    grunt_orc_cross, layout_caves
Elf:1:    hangedman_cross_veins, layout_gridlike, serial_shops,
          nicolae_shop_advertising_works [nicolae_subvault_shop_adworks],
          evilmike_minifort, uniq_louise
Elf:2:    elven_hall_of_blades_hangedman_original
          [nicolae_vaults_blade_armed_guards], layout_gridlike, serial_shops,
          shop
Elf:3:    minmay_elf_hall_four_x, layout_loops_corners, basic_altar,
          hellmonk_ghost_big_iron, nicolae_specific_store, grunt_ministairs_2,
          corner_web_ring, minivault_15

Skill      XL: |  1  2  3  4  5  6  7  8  9 10 11 12 13 14 15 16 17 18 19 |
---------------+----------------------------------------------------------+-----
Axes           | 3 4 5 6 7 9 11 12 13 15 16 20 | 20.7
Invocations    | 5 6 10 13 | 13.0
Fighting       | 4 10 13 15 16 20 22 | 22.0
Armour         | 5 10 12 15 | 15.0
Dodging        | 5 9 10 15 | 15.0
Ranged Weapons | 10 14 15 | 15.0
Evocations     | 5 10 | 10.0
Shields        | |  3.6
Unarmed Combat | |  0.3

Action                   |  1- 3 |  4- 6 |  7- 9 | 10-12 | 13-15 | 16-18 | 19-21 || total
-------------------------+-------+-------+-------+-------+-------+-------+-------++-------
Melee: War axe           |    82 |    45 |    16 |     6 |       |       |       ||   149
       Headbutt          |     8 |    16 |    61 |   127 |   209 |   188 |    56 ||   665
       Mace              |       |    74 |   327 |    49 |       |       |       ||   450
       Punch             |       |       |     1 |     1 |       |       |       ||     2
       Battleaxe         |       |       |       |   443 |   106 |       |       ||   549
       Flail             |       |       |       |    17 |       |       |       ||    17
       Executioner's axe |       |       |       |       |   766 |   814 |   238 ||  1818
 Fire: Arbalest          |       |       |       |    45 |       |   409 |   266 ||   720
Throw: Boomerang         |       |       |       |     1 |       |       |       ||     1
Invok: Heroism           |       |       |     3 |     8 |     8 |    12 |     4 ||    35
       Finesse           |       |       |       |       |     3 |     1 |     2 ||     6
Evoke: Wand              |       |       |     2 |       |       |       |     1 ||     3
       Condenser vane    |       |       |       |       |       |       |     2 ||     2
  Use: Scroll            |       |     1 |     6 |    14 |    15 |       |     1 ||    37
       Potion            |       |       |       |       |     4 |     1 |     3 ||     8
 Stab: Petrified         |       |       |       |       |       |     4 |       ||     4
Armor: Scale mail        |    47 |    19 |       |   206 |   254 |       |       ||   526
       Ring mail         |       |    58 |   157 |    25 |       |       |       ||   240
       Acid dragon scale |       |       |       |    66 |       |       |       ||    66
       Chain mail        |       |       |       |       |    59 |   342 |   116 ||   517
Dodge: Dodged            |    41 |    79 |   178 |   312 |   557 |   783 |   232 ||  2182
Block: Other             |       |       |       |       |       |   207 |    61 ||   268
       Reflection        |       |       |       |       |       |    33 |    16 ||    49
